 Dungeon Crawl Stone Soup version 0.29-a0-553-g81b289dbe5 (webtiles) character file.

Game seed: 12135467168620251078

1487 HessuHobo the Fighter (level 8, -4/92 HPs)
             Began as an Ogre Fighter on June 6, 2022.
             Was a Believer of Trog.
             Slain by a sky beast (6 damage)
             ... on level 6 of the Dungeon.
             The game lasted 00:07:50 (11930 turns).

HessuHobo the Fighter (Ogre Fighter)               Turns: 11930, Time: 00:07:50

Health: -4/92      AC:  3    Str: 23    XL:     8   Next: 80%
Magic:  8/8        EV:  9    Int:  9    God:    Trog [**....]
Gold:   211        SH:  7    Dex:  8    Spells: 7/7 levels left

rFire   + . .      SeeInvis .   w - +0 morningstar
rCold   + . .      Faith    .   c - +0 kite shield
rNeg    . . .      Spirit   .   b - +0 robe
rPois   .          Reflect  .   (helmet restricted)
rElec   .          Harm     .   x - scarf {rC+ rF+}
rCorr   .          Rampage  .   (gloves unavailable)
Will    .....                   (boots unavailable)
Stlth   +.........              (no amulet)
HPRegen 0.25/turn               (no ring)
MPRegen 0.11/turn               (no ring)

@: no status effects
A: large, unfitting armour, tough skin 1
a: Renounce Religion, Berserk, Trog's Hand


You were on level 6 of the Dungeon.
You worshipped Trog.
Trog was pleased with you.
You visited 1 branch of the dungeon, and saw 6 of its levels.

You collected 211 gold pieces.

Inventory:

Hand Weapons
 a - a +0 flail
 t - a +0 giant club
 w - a +0 morningstar (weapon)
Missiles
 f - a throwing net (quivered)
 n - 3 silver javelins
 o - 13 poisoned darts
Armour
 b - a +0 robe (worn)
 c - a +0 kite shield (worn)
 x - a scarf of resistance (worn)
Wands
 C - a wand of polymorph (9)
Scrolls
 e - 2 scrolls of noise
 g - 2 scrolls of poison
 k - a scroll of fear {unknown}
 q - 2 scrolls of enchant weapon {unknown}
 s - 2 scrolls of vulnerability {unknown}
 v - a scroll of torment {unknown}
 y - a scroll of teleportation {unknown}
 B - a scroll of fog {unknown}
Potions
 d - a potion of might
 h - 2 potions of degeneration
 i - a potion of haste {unknown}
 j - 4 potions of flight
 l - 2 potions of magic
 m - 2 potions of berserk rage {unknown}
 r - 4 potions of brilliance
 z - 2 potions of invisibility {unknown}
 A - a potion of attraction {unknown}
 D - 2 potions of lignification {unknown}


   Skills:
 + Level 9.0 Fighting
 + Level 5.9 Maces & Flails
 - Level 4.0 Armour
 - Level 4.0 Dodging
 - Level 3.0 Shields


You had 7 spell levels left.
You didn't know any spells.
Your spell library was empty.

Dungeon Overview and Level Annotations

Branches:
Dungeon (6/15)             Temple (0/1) D:4

Altars:
Dithmenos
Trog
The Shining One

Annotations:
D:5 3 runed translucent doors, Iidacon's ghost, novice HuFi; Morbidden's ghost, weakling MeDe; Nedwor's ghost, novice MiGl


Innate Abilities, Weirdness & Mutations

You are too large for most types of armour.
You have tough skin. (AC +1)


Message History

The sky beast is almost dead.
The sky beast closely misses you.
You feel better.
The sky beast hits you but does no damage.
You completely miss the sky beast.
The sky beast is almost dead.
The sky beast hits you.
* * * LOW HITPOINT WARNING * * *
The sky beast shocks you.
* * * LOW HITPOINT WARNING * * *
The sky beast hits you but does no damage.
You closely miss the sky beast.
The sky beast is almost dead.
You block the sky beast's attack.
You miss the sky beast.
The sky beast is almost dead.
The sky beast hits you.
* * * LOW HITPOINT WARNING * * *
The sky beast shocks you.
* * * LOW HITPOINT WARNING * * *
You closely miss the sky beast.
The sky beast is almost dead.
The sky beast flickers out of sight!
Deactivating autopickup; reactivate with Ctrl-A.
Something hits you.
* * * LOW HITPOINT WARNING * * *
Something shocks you.
* * * LOW HITPOINT WARNING * * *
Something hits you but does no damage.
You feel better. Something hits you but does no damage.
You closely miss something. Something hits you but does no damage.
You barely miss something. Something hits you.
* * * LOW HITPOINT WARNING * * *
Something shocks you.
* * * LOW HITPOINT WARNING * * *
Okay, then.
You miss something. Something hits you but does no damage. Something hits you.
* * * LOW HITPOINT WARNING * * *
Something shocks you.
You die...

##.#.#...≈.≈≈.#
##.###....≈..≈.##
###.## ##.≈≈≈#.≈≈.
#..## ##....##≈#
#.#.## ##..#.≈##≈###
#.##.###...#≈Y.....
#.###.#.#..≈≈##..
#..........≈{#.# ≈##
#.####.##...#@##.≈≈≈#
#. #...........# #.
####.######## #.# #..
###


There were no monsters in sight!

Vanquished Creatures
  Grinder (D:3)
  Duvessa (D:5)
  3 ogres
  A centaur (D:5)
  Blork the orc (D:4)
  A necrophage (D:4)
  3 scorpions
  Dowan (D:5)
  3 hounds
  A jelly (D:5)
  2 iguanas (D:4)
  Natasha (twice) (D:3)
  8 gnolls (D:5)
  8 adders
  A shadow imp (D:5)
  A white imp (D:6)
  2 worms
  A dart slug (D:4)
  12 orcs
  5 bats
  2 endoplasms
  4 giant cockroaches
  13 goblins
  11 hobgoblins
  2 jackals (D:2)
  11 kobolds
  3 quokkas
  7 ball pythons
  2 frilled lizards
  5 rats
118 creatures vanquished.

Notes
Turn   | Place    | Note
-------+----------+-------------------------------------------
     0 | D:1      | HessuHobo the Ogre Fighter began the quest for the Orb.
     0 | D:1      | Reached XP level 1. HP: 24/24 MP: 1/1
   488 | D:1      | Reached XP level 2. HP: 24/32 MP: 2/2
  1312 | D:1      | Found a faded altar of an unknown god.
  1807 | D:1      | Prayed at the altar of an unknown god.
  1807 | D:1      | Became a worshipper of Trog the Wrathful
  1807 | D:1      | Reached * piety under Trog
  1993 | D:2      | Reached XP level 3. HP: 9/40 MP: 3/3
  2353 | D:2      | Reached skill level 1 in Armour
  3016 | D:2      | Found a shadowy altar of Dithmenos.
  3575 | D:3      | Noticed Natasha
  3580 | D:3      | Killed Natasha
  3581 | D:3      | Reached XP level 4. HP: 49/49 MP: 4/4
  4069 | D:3      | Noticed Natasha
  4082 | D:3      | Killed Natasha
  4475 | D:3      | Reached skill level 5 in Fighting
  4475 | D:3      | Reached XP level 5. HP: 55/57 MP: 5/5
  4585 | D:3      | Noticed Grinder
  4608 | D:3      | Paralysed by Grinder for 2 turns
  4628 | D:3      | Killed Grinder
  4629 | D:3      | Reached XP level 6. HP: 32/67 MP: 6/6
  5241 | D:4      | Reached skill level 6 in Fighting
  5241 | D:4      | Reached XP level 7. HP: 60/75 MP: 7/7
  5827 | D:4      | Found a staircase to the Ecumenical Temple.
  6680 | D:4      | Noticed Blork the orc
  6695 | D:4      | Killed Blork the orc
  7081 | D:4      | Reached skill level 7 in Fighting
  7936 | D:4      | Reached XP level 8. HP: 34/87 MP: 8/8
  8333 | D:5      | Entered Level 5 of the Dungeon
  8414 | D:5      | Found a runed translucent gate.
  8414 | D:5      | Found a runed translucent gate.
  8415 | D:5      | Found a runed translucent gate.
  8418 | D:5      | Noticed Iidacon's ghost (novice HuFi)
  8419 | D:5      | Noticed Nedwor's ghost (novice MiGl)
  8419 | D:5      | Noticed Morbidden's ghost (weakling MeDe)
  8667 | D:5      | Reached skill level 5 in Maces & Flails
  8753 | D:5      | Reached skill level 8 in Fighting
  9368 | D:5      | Found a glowing golden altar of the Shining One.
 10340 | D:5      | Reached ** piety under Trog
 10419 | D:5      | Noticed Duvessa
 10419 | D:5      | Noticed Dowan
 10423 | D:5      | Killed Duvessa
 10426 | D:5      | Killed Dowan
 11220 | D:5      | Reached skill level 9 in Fighting
 11926 | D:6      | HP: 1/92 [something (6)]
 11930 | D:6      | Slain by a sky beast

Illustrated notes

Levels and vault maps discovered:
D:1:      giann_forest_graveyard, layout_rooms,
          nicolae_ecumenical_snake_handling
D:2:      layout_rooms, basic_altar, serial_co_window_serial, co_window_paths_a,
          co_window_corner_a, co_window_of_opportunity_a, co_window_corner_a,
          co_window_of_opportunity_a, co_window_corner_a, co_window_broadway_a,
          co_window_of_opportunity_b, co_window_of_opportunity_b,
          co_window_4corner_a, glass_columns_a, glass_columns_c
D:3:      layout_loops_ring, uniq_grinder, uniq_natasha
D:4:      minmay_door_path, layout_loops_ring, minmay_temple_entry_ruins,
          uniq_blork_the_orc
D:5:      corexii_shantytown, layout_loops_ring, nicolae_tso_swordbearing_angel,
          gammafunk_ghost_cemetery, enter_ossuary_1, uniq_duvessa
D:6:      layout_loops_ring, chequers_serial_rivers_small_b, st_stairs_4,
          dk_noncrumbling_3

Skill      XL: |  1  2  3  4  5  6  7  8 |
---------------+-------------------------+-----
Maces & Flails | 2 3 4 5 |  5.9
Dodging        | 3 4 |  4.0
Armour         | 1 2 3 4 |  4.0
Fighting       | 5 6 7 9 |  9.0
Shields        | |  3.0

Action                   |  1- 3 |  4- 6 |  7- 9 || total
-------------------------+-------+-------+-------++-------
Melee: Flail             |   101 |    77 |    95 ||   273
       Morningstar       |       |       |   162 ||   162
       Unarmed           |       |       |     8 ||     8
Invok: Berserk           |     1 |     1 |     2 ||     4
  Use: Scroll            |       |     4 |     2 ||     6
       Potion            |       |       |     2 ||     2
 Stab: Sleeping          |       |       |     2 ||     2
       Confused          |       |       |     1 ||     1
Armor: Robe              |    39 |    16 |    50 ||   105
       Skin              |       |       |     1 ||     1
Dodge: Dodged            |    28 |    38 |   111 ||   177
Block: Kite shield       |    40 |    34 |    95 ||   169

Table legend: (Time is in decaauts)
 A = Elapsed time spent in this place.
 B = Non-inter-level travel time spent in this place.
 C = Inter-level travel time spent in this place.
 D = Time resting spent in this place.
 E = Time spent auto-exploring this place.
 F = Levels seen in this place.
 G = Mean time per level.
                   A        B        C        D        E       F      G
               +--------+--------+--------+--------+--------+-----+--------+
         Total |  12127 |  11911 |    216 |   7869 |   2967 |   6 | 2021.2 |
       Dungeon |  12127 |  11911 |    216 |   7869 |   2967 |   6 | 2021.2 |
               +--------+--------+--------+--------+--------+-----+--------+

Top non-repeatable levels by time:
     D:4: 3416 daAuts
     D:5: 3402 daAuts
     D:1: 1956 daAuts
     D:2: 1629 daAuts
     D:3: 1473 daAuts
     D:6: 249 daAuts
